AoeStats
← Low_Fuchs

Runestones

507665140Analyzed
1v1 RM · 12d ago on Sep 19, 2026· 22m 9s· 2 players
Game mode
Random Map
Map size
Tiny (2 player)
Population
200
Speed
Normal
Resources
Standard
Victory
Conquest
Starting age
Dark Age
Ending age
Imperial Age
RankedLock teamsTeams togetherTeam positionsShared explorationLock speedFull tech treeHidden civsTurbo modeCheats
Victory
Defeat
🇷🇺 Saracens · Russia
1641
+14
🇩🇪 Portuguese · Germany
1599
-14
Low_Fuchs
6:53 Loom
9:30 Feudal Age
10:10 Double-Bit Axe
10:06 Horse Collar
13:41 Fletching
19:39 Castle Age
19:38 Scale Mail Armor
20:19 Pikeman
K0libri
11:25 Feudal Age
10:45 Loom
12:10 Gold Mining
15:23 Castle Age
13:41 Gold Mining
13:45 Double-Bit Axe
14:41 Scale Barding Armor
Connection lost

Rejoining the realm…

Still unreachable

The connection could not be restored.

Session expired

The server has moved on; the page needs a fresh start.